 Dungeon Crawl Stone Soup version 0.30.1-3-gfc49f6343a (webtiles) character file.

Game seed: 612607197577468690

314566 Kranky the Conqueror (level 20, -5/216 HPs)
             Began as a Minotaur Berserker on Aug 4, 2023.
             Was the Champion of Trog.
             Killed from afar by a putrid mouth (9 damage)
             ... with a foul vapour
             ... on level 1 of the Depths.
             The game lasted 01:41:46 (44486 turns).

Kranky the Conqueror (Minotaur Berserker)          Turns: 44486, Time: 01:41:46

Health: -5/216     AC: 35    Str: 34    XL:     20   Next: 49%
Magic:  17/19      EV: 19    Int:  7    God:    Trog [******]
Gold:   1507       SH: 24    Dex: 18    Spells: 19/19 levels left

rFire   + . .        Q - +9 demon trident (spect)
rCold   + . .        E - +1 tower shield {reflect}
rNeg    . . .        R - +4 storm dragon scales {Bai Suzhen}
rPois   .            Y - +0 hat {Stlth+}
rElec   +            Z - +2 cloak {Stlth+}
rCorr   .            z - +1 pair of gloves {infuse}
SInv    .            i - +2 pair of boots
Will    ++++.        D - amulet "Poefeh" {RegenMP Will++ Str+2}
Stlth   +            O - ring of the Philosopher {rElec rC++ Str+3 Int-2 Dex+6}
HPRegen 0.56/turn    K - ring "Yppeusoz" {rF+ rC- Will+ Int+5}
MPRegen 0.56/turn

%: reflection, infuse magic (1 MP)
@: lethally poisoned (-5 -> -40), slowed, studying 3 skills, very slow
A: horns 2, retaliatory headbutt
}: 2/15 runes: serpentine, barnacled
a: Renounce Religion, Berserk, Trog's Hand, Brothers in Arms


You were on level 1 of the Depths.
You worshipped Trog.
Trog was exalted by your worship.
You visited 8 branches of the dungeon, and saw 35 of its levels.

You collected 5959 gold pieces.
You spent 4452 gold pieces at shops.

Inventory:

Hand Weapons
 w - a +7 demon trident of flaming
 Q - a +9 spectral demon trident (weapon)
 U - the +8 trishula "Condemnation" {holy, anguish, *Noise Fly rN+}
   (You took it off a minotaur on level 4 of the Shoals)

   rN:        It protects you from negative energy.
   Fly:       It grants you flight.
   *Noise:    It may make noises in combat.
Missiles
 s - a throwing net (quivered)
Armour
 i - a +2 pair of boots (worn)
 z - a +1 pair of gloves of infusion (worn)
 E - a +1 tower shield of reflection (worn)
 R - +4 storm dragon scales (worn) {Bai Suzhen}
 Y - a +0 hat of stealth (worn)
 Z - a +2 cloak of stealth (worn)
Jewellery
 h - a ring of protection from fire
 p - an amulet of guardian spirit
 y - a ring of willpower
 B - a ring of willpower
 D - the amulet "Poefeh" (around neck) {RegenMP Will++ Str+2}
   (You took it off a deep elf annihilator on level 3 of the Elven Halls)

   [amulet of magic regeneration]

   It increases your rate of magic regeneration.
   Str:       It affects your strength (+2).
   Will:      It greatly increases your willpower.
 F - a ring of protection from cold
 J - a ring of protection from fire
 K - the ring "Yppeusoz" (right hand) {rF+ rC- Will+ Int+5}
   (You took it off a deep elf elementalist on level 3 of the Elven Halls)

   [ring of willpower]

   Int:       It affects your intelligence (+5).
   rF:        It protects you from fire.
   rC:        It makes you vulnerable to cold.
   Will:      It increases your willpower.
 O - the ring of the Philosopher (left hand) {rElec rC++ Str+3 Int-2 Dex+6}
   (You took it off a deep elf death mage on level 3 of the Elven Halls)

   [ring of dexterity]

   Str:       It affects your strength (+3).
   Int:       It affects your intelligence (-2).
   Dex:       It affects your dexterity (+6).
   rC:        It greatly protects you from cold.
   rElec:     It insulates you from electricity.
 V - a ring of protection from cold
Wands
 q - a wand of digging (13)
 G - a wand of mindburst (22)
 H - a wand of charming (36)
 N - a wand of polymorph (16)
 P - a wand of roots (27)
 T - a wand of flame (49)
 X - a wand of light (14)
Scrolls
 a - 3 scrolls of summoning
 d - 3 scrolls of blinking
 g - 4 scrolls of magic mapping
 j - 19 scrolls of teleportation
 l - 7 scrolls of enchant armour
 u - 4 scrolls of fog
 v - 4 scrolls of enchant weapon
 x - 5 scrolls of silence
 A - 8 scrolls of fear
 M - 2 scrolls of identify
 W - 3 scrolls of poison
Potions
 b - 3 potions of ambrosia
 c - 9 potions of might
 e - 4 potions of haste
 k - a potion of heal wounds
 m - 6 potions of cancellation
 n - 17 potions of curing
 o - a potion of degeneration
 r - 4 potions of resistance
 t - 3 potions of invisibility
 C - 4 potions of magic
 I - a potion of mutation
 L - a potion of berserk rage
 S - 3 potions of flight
Miscellaneous
 f - a box of beasts


   Skills:
 O Level 27 Fighting
 - Level 14.0 Polearms
 + Level 23.1 Armour
 + Level 17.0 Dodging
 + Level 22.0 Shields
 - Level 14.7 Evocations


You had 19 spell levels left.
You didn't know any spells.
Your spell library was empty.

Dungeon Overview and Level Annotations

Branches:
Dungeon (15/15)            Temple (0/1) D:6            Lair (5/5) D:8
 Shoals (4/4) Lair:2        Snake (4/4) Lair:3        Slime (0/5) Lair:5
    Orc (2/2) D:9             Elf (3/3) Orc:2        Vaults (0/5) D:13
 Depths (1/4) D:15           Hell (visited)
    Dis: Hell:1         Geh: Hell:1         Coc: Hell:1         Tar: Hell:1

Altars:
Gozag
Nemelex Xobeh
Ru
Sif Muna
Vehumet
Xom
Jiyva

Shops:
D:1 *   D:12 !   Orc:1 *   Orc:2 ?*[[   Elf:1 [:![   Elf:2 :   Shoals:1 (
Snake:2 =:=   Snake:3 *   Snake:4 !

Portals:
Hell: Depths:1
Ziggurat: Depths:1

Annotations:
Snake:4 1 exclusion
Depths:1 2 transporters, exclusion: orange crystal statue
Hell Geryon


Innate Abilities, Weirdness & Mutations

You have a pair of horns on your head.
You reflexively headbutt those who attack you in melee.


Message History

You feel extremely sick.
The hell knight hits you from afar with a +1 halberd of flaming.
You block the reaper's attack. The reaper misses you.
You block the hell knight's attack. You block the soul eater's attack.
Geryon closely misses you.
Your Shields skill increases to level 22!
You are too injured to fight recklessly!
Unknown command.
You are engulfed in dark miasma.
You are lethally poisoned!
* * * LOW HITPOINT WARNING * * *
You feel extremely sick. You block the hell knight's attack.
The reaper hits you but does no damage. You block the reaper's attack.
You block the hell beast's attack. The hell beast misses you.
You block the putrid mouth's attack. The putrid mouth completely misses you.
The soul eater completely misses you. You furiously retaliate!
You headbutt the soul eater!
Geryon winds a great silver horn.
The putrid mouth howls a warning cry!
The hell knight hits you but does no damage.
The reaper hits you from afar with a +2 scythe of freezing.
* * * LOW HITPOINT WARNING * * *
The reaper hits you but does no damage.
You are more poisoned.
You hear an angry squeal.
You hear a deafening roar! x2
Thank you for visiting Hell.
Please come again soon.
You go up through the gate.
Welcome back to the Depths!
Level annotation: 2 transporters, exclusion: orange crystal statue
* * * LOW HITPOINT WARNING * * *
You feel extremely sick.
There is a gateway to Hell, spattered with blood here.
Okay, then.
You feel better. You block the soul eater's attack.
The putrid mouth throws miasma at you. The foul vapour engulfs you!!
You are poisoned.
* * * LOW HITPOINT WARNING * * *
The putrid mouth throws miasma at you. The foul vapour engulfs you!
You are more poisoned.
You die...

........# ######.....## ##
........###...........## #.
........#...####'####..## ##
...........##.......##..# #.
#.........####.....####.# ##
..........#.###...###.#.#
..........#..###'###..#.# ##
..........#...#W○○#...#.## #.
..........'...'○@○'...'..#### ##
..........#...#○○3#...#.....# ##.
..........#..###○###..#.###)###..
>.......#.#.###...###.#.# #)#....
#.......#.####.....####.# #.#....
#.......#..##.......##..# #.)....
...##...##..####'####..## #)##...
...##...).#...........#####......
##........######....#..#.##>(....


You could see a putrid mouth (catching breath) and a soul eater.

Vanquished Creatures
  A bone dragon (Depths:1)
  Nikola (Elf:2)
  Mlioglotl (Shoals:1)
  Jorgrun (D:12)
  A lich (Depths:1)
  2 searing wretches (Depths:1)
  A deep elf blademaster (Elf:3)
  4 krakens (Shoals:3)
  Gastronok (Lair:1)
  2 sphinxes (Shoals:4)
  Polyphemus (Shoals:4)
  Donald (Orc:2)
  Agnes (D:15)
  The ghost of suzumiya the Brawler, a journeyman TrBe of Trog (Snake:2)
  An iron dragon (Depths:1)
  2 frost giants (Depths:1)
  13 nagarajas (Snake:4)
  2 deep elf sorcerers (Elf:3)
  An orc warlord (Orc:2)
  7 deep elf elementalists (Elf:3)
  A vampire knight (Depths:1)
  2 very ugly things (Depths:1)
  4 stone giants (Depths:1)
  9 deep elf annihilators
  3 deep elf demonologists (Elf:3)
  A dire elephant (Lair:5)
  2 minotaurs (Shoals:4)
  Azrael (D:12)
  3 ettins
  4 deep elf death magi
  3 crystal guardians (Elf:3)
  A merfolk javelineer (Shoals:2)
  2 merfolk impalers
  2 deep elf high priests (Elf:3)
  Josephine (Shoals:1)
  5 fire dragons
  A rakshasa (Depths:1)
  6 hydras
  A hell beast (Depths:1)
  A salamander tyrant (Snake:3)
  2 ice dragons (Depths:1)
  3 catoblepae
  8 satyrs
  5 anacondas
  7 centaur warriors
  3 merfolk aquamancers
  5 boulder beetles
  A merfolk avatar (Shoals:1)
  2 alligator snapping turtles (Shoals:4)
  An ogre mage (D:13)
  8 two-headed ogres
  A hell hog (Depths:1)
  11 naga warriors
  3 deep troll earth magi (Depths:1)
  14 death yaks
  2 tengu warriors
  33 dancing weapons
  10 hell knights
  Urug (D:13)
  A shock serpent (shapeshifter) (Elf:3)
  Sonja (Orc:1)
  A spriggan berserker (Depths:1)
  3 soul eaters (Depths:1)
  3 shock serpents
  8 skeletal warriors
  4 salamander mystics
  8 naga sharpshooters
  16 deep elf knights
  A skyshark (shapeshifter) (Depths:1)
  2 skysharks
  2 iron trolls (Depths:1)
  2 sea snakes
  5 deep trolls
  The ghost of soggyman666 the Magician, a novice DjFE (D:6)
  An anaconda zombie (Hell)
  5 naga ritualists
  6 orc knights (Orc:2)
  2 wizards
  17 harpies
  4 necromancers
  An orc sorcerer (Elf:2)
  12 deep elf archers
  46 deep elf pyromancers
  29 deep elf zephyrmancers
  28 fauns
  3 lindwurms
  An oklob plant (Lair:4)
  A shadow dragon skeleton (Hell)
  12 mana vipers
  25 ugly things
  17 manticores
  6 cyclopes
  11 elephants
  A manticore (shapeshifter) (D:14)
  39 black mambas
  11 naga magi
  9 salamanders
  A water nymph (Shoals:1)
  13 merfolk sirens
  15 cane toads
  5 guardian serpents
  A gargoyle (D:12)
  A torpor snail (Lair:2)
  Maggie (Lair:2)
  6 komodo dragons
  An unseen horror (D:10)
  2 efreet
  5 rime drakes
  An ice devil (Depths:1)
  A tengu conjurer (Depths:1)
  A harpy zombie (Hell)
  9 trolls
  2 meliai (shapeshifter)
  14 merfolk
  A polar bear (Lair:4)
  5 hornets (D:12)
  Grinder (D:3)
  13 blink frogs
  7 snapping turtles
  4 wind drakes
  A snapping turtle (shapeshifter) (Elf:2)
  7 dream sheep
  An ettin zombie (Hell)
  A jumping spider (shapeshifter) (Elf:1)
  Sigmund (D:3)
  11 water elementals
  4 air elementals
  4 wyverns
  2 shadows
  7 wraiths
  38 yaks
  7 basilisks
  3 steam dragons
  A vampire (D:13)
  6 fire elementals
  17 vampire mosquitoes
  Menkaure (D:5)
  Edmund (D:5)
  24 nagas
  8 wargs
  4 acid dragons
  26 water moccasins
  9 hell hounds
  2 ice beasts
  A floating eye (shapeshifter) (Elf:1)
  A naga skeleton (Hell)
  2 black bears
  47 orc warriors
  2 sky beasts (D:8)
  Pargi (D:3)
  5 ogres
  13 wolves
  The ghost of OlManJenkins the Sneak, an amateur DjEn (D:3)
  12 centaurs
  A phantom (D:6)
  The ghost of Stellion the Magician, an amateur DEHW (D:3)
  2 kobold brigands
  3 gnoll sergeants
  4 earth elementals
  2 scorpions (D:7)
  12 bullfrogs
  10 wights
  10 killer bees
  2 vampire bats (D:5)
  2 howler monkeys
  3 electric eels (Elf:3)
  A crimson imp (D:4)
  3 quasits (D:6)
  A wyvern simulacrum (D:9)
  Crazy Yiuf (D:3)
  14 jellies
  12 orc priests
  A gnoll bouda (D:6)
  Ijyb (D:3)
  Jessica (D:2)
  2 iguanas
  4 sleepcaps
  13 orc wizards
  Robin (D:4)
  16 gnolls
  6 adders
  4 shadow imps (D:6)
  3 white imps
  7 ufetubi
  4 worms
  4 dart slugs
  102 orcs
  10 bats
  12 endoplasms
  4 giant cockroaches
  15 goblins
  6 hobgoblins
  2 jackals (D:1)
  6 quokkas
  5 ball pythons
  3 frilled lizards (D:2)
  19 kobolds
  7 rats
  A butterfly (Lair:3)
  9 tentacles (Shoals:3)
1296 creatures vanquished.

Vanquished Creatures (collateral kills)
  Bai Suzhen (Shoals:3)
  Zenata (Elf:1)
  3 deep elf sorcerers (Elf:3)
  A deep elf demonologist (Elf:3)
  4 deep elf annihilators (Elf:3)
  A deep elf high priest (Elf:3)
  3 crystal guardians (Elf:3)
  A salamander tyrant (Snake:4)
  A naga warrior (Snake:4)
  A deep elf archer (Elf:1)
  2 deep elf zephyrmancers
  A salamander (Snake:4)
  2 guardian serpents (Snake:4)
  A naga mage (Snake:4)
  A rime drake (Lair:4)
  2 blink frogs (Lair:4)
  A water elemental (Shoals:3)
  4 starspawn tentacles (Shoals:1)
31 creatures vanquished.

Vanquished Creatures (others)
  2 deep elf knights
  A deep elf archer (Elf:2)
  A vampire mosquito (D:12)
  A hell hound (Hell)
  An orc priest (D:8)
  32 spectral weapons
  17 tentacles (Shoals:3)
55 creatures vanquished.

Grand Total: 1382 creatures vanquished

Notes
Turn   | Place    | Note
-------+----------+-------------------------------------------
     0 | D:1      | Kranky the Minotaur Berserker began the quest for the Orb.
     0 | D:1      | Reached XP level 1. HP: 19/19 MP: 0/0
    21 | D:1      | Found Rohuuj's Assorted Antiques.
   161 | D:1      | Reached XP level 2. HP: 14/27 MP: 1/1
   493 | D:1      | Reached skill level 4 in Fighting
   494 | D:1      | Reached ** piety under Trog
   682 | D:2      | Noticed Jessica
   690 | D:2      | Killed Jessica
   691 | D:2      | Reached XP level 3. HP: 28/33 MP: 2/2
   794 | D:2      | Reached XP level 4. HP: 35/40 MP: 3/3
  1242 | D:3      | Noticed Pargi
  1260 | D:3      | Killed Pargi
  1261 | D:3      | Reached XP level 5. HP: 26/47 MP: 4/4
  1671 | D:3      | Found a runed translucent gate.
  1671 | D:3      | Found a runed translucent gate.
  1678 | D:3      | Found a runed translucent gate.
  1679 | D:3      | Noticed OlManJenkins's ghost (amateur DjEn)
  1679 | D:3      | Noticed Stellion's ghost (amateur DEHW)
  1729 | D:3      | Noticed Sigmund
  1744 | D:3      | Killed Sigmund
  1744 | D:3      | Reached *** piety under Trog
  1745 | D:3      | Reached skill level 5 in Fighting
  1745 | D:3      | Reached skill level 5 in Polearms
  1745 | D:3      | Reached XP level 6. HP: 54/56 MP: 5/5
  1868 | D:3      | Noticed Ijyb
  1878 | D:3      | Killed Ijyb
  1931 | D:3      | Found a runed translucent door.
  1932 | D:3      | Noticed Crazy Yiuf
  1966 | D:3      | Noticed Grinder
  1973 | D:3      | Killed Grinder
  1974 | D:3      | Reached skill level 5 in Armour
  1974 | D:3      | Reached XP level 7. HP: 50/62 MP: 6/6
  2118 | D:3      | Reached skill level 6 in Fighting
  2479 | D:3      | Killed Stellion's ghost
  2480 | D:3      | Reached skill level 5 in Dodging
  2518 | D:3      | Killed OlManJenkins's ghost
  2606 | D:3      | Killed Crazy Yiuf
  3210 | D:4      | Noticed Robin
  3227 | D:4      | Killed Robin
  3227 | D:4      | Reached **** piety under Trog
  3395 | D:4      | Reached XP level 8. HP: 71/71 MP: 7/7
  3583 | D:5      | Entered Level 5 of the Dungeon
  3591 | D:5      | Noticed Edmund
  3600 | D:5      | Killed Edmund
  3601 | D:5      | Reached skill level 1 in Evocations
  3944 | D:5      | Reached skill level 7 in Fighting
  4010 | D:5      | Noticed Menkaure
  4017 | D:5      | Killed Menkaure
  4851 | D:6      | Found a transporter.
  4856 | D:6      | Identified the ring "Yhuimeeq" {Contam rN+ Int+4}
  4862 | D:6      | Noticed soggyman666's ghost (novice DjFE)
  4893 | D:6      | Found a staircase to the Ecumenical Temple.
  4909 | D:6      | Reached XP level 9. HP: 79/79 MP: 8/8
  5146 | D:6      | Found a transporter.
  5186 | D:6      | Reached ***** piety under Trog
  5208 | D:6      | Reached skill level 8 in Fighting
  6022 | D:6      | Killed soggyman666's ghost
  6283 | D:7      | Reached skill level 1 in Shields
  6518 | D:7      | Reached XP level 10. HP: 85/90 MP: 9/9
  7134 | D:7      | Reached skill level 9 in Fighting
  7689 | D:8      | Found a staircase to the Lair.
  7768 | D:8      | Reached skill level 5 in Evocations
  7830 | D:9      | Noticed a centaur warrior
  7830 | D:9      | Noticed a centaur warrior
  7838 | D:9      | Killed a centaur warrior
  8328 | D:8      | Killed a centaur warrior
  8656 | D:9      | Reached XP level 11. HP: 87/99 MP: 10/10
  8705 | D:9      | Reached skill level 10 in Polearms
  8820 | D:9      | Noticed a two-headed ogre
  8826 | D:9      | Reached skill level 10 in Fighting
  8844 | D:9      | Killed a two-headed ogre
  9049 | D:9      | Reached skill level 5 in Shields
  9063 | D:9      | Received a gift from Trog
  9092 | D:9      | Reached skill level 10 in Dodging
  9395 | D:9      | Found a staircase to the Orcish Mines.
  9901 | D:10     | Entered Level 10 of the Dungeon
 10032 | D:10     | Identified the +0 dagger of Turmoil {flame, rF- Str+9
                  | Stlth-}
 10159 | D:10     | Reached skill level 10 in Armour
 10427 | D:10     | Found an opulent altar of Gozag.
 10926 | D:11     | Noticed a two-headed ogre
 10933 | D:11     | Killed a two-headed ogre
 11042 | D:11     | Noticed a two-headed ogre
 11045 | D:11     | Killed a two-headed ogre
 11068 | D:11     | Found a shimmering altar of Xom.
 11070 | D:11     | Found a shimmering altar of Xom.
 11070 | D:11     | Found a shimmering altar of Xom.
 11070 | D:11     | Found a shimmering altar of Xom.
 11070 | D:11     | Found a shimmering altar of Xom.
 11071 | D:11     | Found a shimmering altar of Xom.
 11071 | D:11     | Found a shimmering altar of Xom.
 11071 | D:11     | Found a shimmering altar of Xom.
 11212 | D:11     | Noticed a purple ugly thing
 11212 | D:11     | Noticed a skeletal warrior
 11213 | D:11     | Noticed a skeletal warrior
 11214 | D:11     | Noticed a skeletal warrior
 11217 | D:11     | Killed a purple ugly thing
 11441 | D:10     | Killed a skeletal warrior
 11519 | D:10     | Killed a skeletal warrior
 11520 | D:10     | Reached skill level 11 in Fighting
 11545 | D:11     | Killed a skeletal warrior
 12151 | Lair:1   | Entered Level 1 of the Lair of Beasts
 12188 | Lair:1   | Reached XP level 12. HP: 110/110 MP: 11/11
 12535 | Lair:1   | Noticed Gastronok
 12544 | Lair:1   | Killed Gastronok
 12544 | Lair:1   | Received a gift from Trog
 12720 | Lair:1   | Noticed a boulder beetle
 12729 | Lair:1   | Killed a boulder beetle
 13443 | Lair:2   | Noticed a catoblepas
 13448 | Lair:2   | Killed a catoblepas
 13579 | Lair:2   | Reached skill level 12 in Fighting
 13697 | Lair:2   | Noticed Maggie
 13704 | Lair:2   | Killed Maggie
 13854 | Lair:2   | You fall into a shaft and drop 2 floors!
 14470 | Lair:4   | Reached XP level 13. HP: 104/119 MP: 12/12
 15270 | Lair:5   | Entered Level 5 of the Lair of Beasts
 15399 | Lair:5   | Reached skill level 13 in Fighting
 15416 | Lair:5   | Reached skill level 10 in Shields
 15436 | Lair:5   | Found a staircase to the Slime Pits.
 15475 | Lair:5   | Found a viscous altar of Jiyva.
 15707 | Lair:5   | Reached skill level 15 in Dodging
 16044 | Lair:5   | Reached XP level 14. HP: 105/130 MP: 13/13
 16181 | Lair:5   | Received a gift from Trog
 16186 | Lair:5   | Reached skill level 14 in Fighting
 16400 | Lair:5   | Identified 2 scrolls of acquirement
 16400 | Lair:5   | Acquired a manual of Fighting
 16795 | Lair:5   | Acquired a manual of Shields
 17170 | Lair:3   | Found a staircase to the Snake Pit.
 17311 | Lair:3   | Identified the +10 quarterstaff of the Fray {spect, rC+}
 18124 | Lair:2   | Reached skill level 15 in Fighting
 18411 | Lair:2   | Found a staircase to the Shoals.
 19000 | D:12     | Noticed Azrael
 19022 | D:12     | Killed Azrael
 19219 | D:12     | Noticed Jorgrun
 19221 | D:12     | Reached ****** piety under Trog
 19232 | D:12     | Killed Jorgrun
 19429 | D:12     | Received a gift from Trog
 19547 | D:12     | Found Cibrun's Distillery.
 19570 | D:12     | Reached skill level 16 in Fighting
 20086 | D:13     | Noticed Urug
 20093 | D:13     | Killed Urug
 20242 | D:13     | Reached skill level 15 in Armour
 20316 | D:13     | Found a gate to the Vaults.
 20327 | D:13     | Reached XP level 15. HP: 113/145 MP: 10/14
 21248 | D:14     | Reached skill level 17 in Fighting
 21487 | D:14     | Received a gift from Trog
 21707 | D:14     | Found a radiant altar of Vehumet.
 22160 | D:14     | Found a sparkling altar of Nemelex Xobeh.
 22229 | D:14     | Acquired 1125 gold pieces
 22244 | D:15     | Entered Level 15 of the Dungeon
 22318 | D:15     | Reached skill level 15 in Shields
 22339 | D:15     | Found a staircase to the Depths.
 22400 | D:15     | Noticed Agnes
 22408 | D:15     | Killed Agnes
 22409 | D:15     | Reached skill level 18 in Fighting
 23308 | Depths:1 | Entered Level 1 of the Depths
 23319 | Depths:1 | Noticed a frost giant
 23332 | Depths:1 | Killed a frost giant
 23670 | Orc:1    | Entered Level 1 of the Orcish Mines
 23703 | Orc:2    | Entered Level 2 of the Orcish Mines
 23708 | Orc:2    | Found a staircase to the Elven Halls.
 23849 | Orc:2    | Received a gift from Trog
 23959 | Orc:2    | Found Keuhiz's Antique Armour Boutique.
 24015 | Orc:2    | Found Reawadgho's Antique Armour Emporium.
 24159 | Orc:2    | Found Efypn's Assorted Antiques.
 24159 | Orc:2    | Found Mym Coekh's Magic Scroll Boutique.
 24176 | Orc:2    | Bought a scroll of acquirement for 884 gold pieces
 24176 | Orc:2    | Acquired a manual of Evocations
 24215 | Orc:2    | Reached XP level 16. HP: 144/159 MP: 12/15
 24455 | Orc:2    | Noticed Donald
 24462 | Orc:2    | Killed Donald
 24463 | Orc:2    | Reached skill level 19 in Fighting
 24764 | Orc:1    | Noticed Sonja
 24770 | Orc:1    | Killed Sonja
 24911 | Orc:1    | Found Geoh's General Store.
 25007 | Orc:1    | Received a gift from Trog
 25522 | Snake:1  | Entered Level 1 of the Snake Pit
 25568 | Snake:1  | Reached skill level 10 in Evocations
 26595 | Snake:2  | Reached skill level 20 in Fighting
 26637 | Snake:2  | Noticed suzumiya's ghost (journeyman TrBe)
 27342 | Snake:2  | Found a runed translucent door.
 27362 | Snake:2  | Found Naery's Jewellery Boutique.
 27363 | Snake:2  | Found Faymot's Book Shoppe.
 27364 | Snake:2  | Found Imoerulo's Jewellery Boutique.
 27841 | Snake:2  | Killed suzumiya's ghost
 27989 | Snake:3  | Received a gift from Trog
 28683 | Snake:3  | Found Noir's Gadget Gallery.
 28743 | Snake:3  | Reached skill level 21 in Fighting
 28815 | Snake:2  | Bought a manual of Fighting for 1120 gold pieces
 29017 | Snake:4  | Entered Level 4 of the Snake Pit
 29293 | Snake:4  | Found Upunaamn's Distillery.
 29853 | Snake:4  | Reached XP level 17. HP: 127/173 MP: 12/16
 30275 | Snake:4  | Received a gift from Trog
 30280 | Snake:4  | Reached skill level 22 in Fighting
 31124 | Snake:4  | Got a serpentine rune of Zot
 31292 | Shoals:1 | Entered Level 1 of the Shoals
 31442 | Shoals:1 | Noticed Mlioglotl
 31472 | Shoals:1 | Killed Mlioglotl
 31696 | Shoals:1 | Received a gift from Trog
 31761 | Shoals:1 | Found Oraevvim's Weapon Shoppe.
 31872 | Shoals:1 | Noticed Josephine
 31879 | Shoals:1 | Killed Josephine
 31880 | Shoals:1 | Reached skill level 23 in Fighting
 32285 | Shoals:2 | Identified the +4 great sword "Backscratcher" {pain, Str+2}
 32833 | Shoals:3 | Noticed a kraken
 32833 | Shoals:3 | Noticed a kraken
 32833 | Shoals:3 | Noticed a kraken
 32833 | Shoals:3 | Noticed a kraken
 32833 | Shoals:3 | Noticed Bai Suzhen
 32900 | Shoals:3 | Received a gift from Trog
 33019 | Shoals:3 | Killed Bai Suzhen
 33078 | Shoals:3 | Killed a kraken
 33128 | Shoals:3 | Reached skill level 24 in Fighting
 33337 | Shoals:3 | Reached XP level 18. HP: 190/190 MP: 17/17
 34045 | Shoals:4 | Entered Level 4 of the Shoals
 34062 | Shoals:4 | Noticed Polyphemus
 34495 | Shoals:4 | Killed Polyphemus
 34784 | Shoals:4 | Received a gift from Trog
 34895 | Shoals:4 | Identified the +4 scimitar "Tukemoa" {drain, rCorr}
 34895 | Shoals:4 | Identified the +2 robe "Eppogh" {rPois rCorr}
 35179 | Shoals:4 | Reached skill level 25 in Fighting
 35201 | Shoals:4 | Got a barnacled rune of Zot
 35501 | Elf:1    | Entered Level 1 of the Elven Halls
 35675 | Elf:1    | Paralysed by an air elemental for 1 turns
 35764 | Elf:1    | Found Samueshu's Book Boutique.
 35766 | Elf:1    | Found Reushry's Armour Shop.
 35766 | Elf:1    | Found Tideug's Antique Armour Boutique.
 35774 | Elf:1    | Found Ycuuh's Distillery.
 35903 | Elf:1    | Received a gift from Trog
 36062 | Elf:1    | Noticed Zenata
 36077 | Elf:1    | Killed Zenata
 37035 | Elf:1    | Bought a potion of heal wounds for 80 gold pieces
 37035 | Elf:1    | Bought a potion of invisibility for 128 gold pieces
 37074 | Elf:2    | Found Ekahocoamn's Self-Improvement Boutique.
 37245 | Elf:2    | Received a gift from Trog
 37326 | Elf:2    | Reached XP level 19. HP: 179/202 MP: 16/18
 37999 | Elf:2    | Paralysed by an air elemental for 1 turns
 38053 | Elf:2    | Found a runed translucent gate.
 38053 | Elf:2    | Found a runed translucent gate.
 38053 | Elf:2    | Found a runed translucent gate.
 38269 | Elf:2    | Found a shimmering blue altar of Sif Muna.
 38528 | Elf:2    | Noticed Nikola
 38538 | Elf:2    | Killed Nikola
 38610 | Elf:2    | Received a gift from Trog
 39151 | Elf:2    | Reached skill level 26 in Fighting
 39501 | Elf:3    | Entered Level 3 of the Elven Halls
 39954 | Elf:3    | Found a shimmering blue altar of Sif Muna.
 40209 | Elf:3    | Identified the +0 quarterstaff of the New World {antimagic,
                  | *Corrode rElec rPois Dex+5}
 40255 | Elf:3    | Received a gift from Trog
 40257 | Elf:3    | HP: 10/205 [crystal guardian/crystal bolt (47)]
 40763 | Elf:3    | Identified the +10 short sword of the Crushed Servitors
                  | {freeze, Int+2}
 40829 | Elf:3    | Identified the +7 war axe of Causality {freeze, rC+ MP+9}
 40837 | Elf:3    | Identified the amulet "Poefeh" {RegenMP Will++ Str+2}
 40839 | Elf:3    | Identified the +8 dagger of Death's Door {drain, Fly}
 40878 | Elf:3    | Identified the +2 robe of Tomorrow {+Blink Str+4}
 40888 | Elf:3    | Noticed a Tzitzimitl
 40888 | Elf:3    | Identified the ring of the Philosopher {rElec rC++ Str+3
                  | Int-2 Dex+6}
 40914 | Elf:3    | Identified the ring "Yppeusoz" {rF+ rC- Will+ Int+5}
 41286 | Elf:3    | Identified the staff of conjuration "Geklait" {*Slow Str+6
                  | Int+2}
 41290 | Elf:3    | Identified the +2 spear of Prudence {heavy, rCorr Dex+3
                  | SInv}
 41293 | Elf:3    | Identified the +0 pair of boots of the Wary Riding Friars
                  | {Dex+3}
 41337 | Elf:3    | Identified the +2 troll leather armour of Nicoceog {Regen+
                  | Int+5}
 41346 | Elf:3    | Reached XP level 20. HP: 205/206 MP: 16/19
 41388 | Elf:3    | Identified the staff of cold "Bihiarakhe" {rC+ Str+3
                  | Stlth+}
 41844 | Elf:2    | Bought a manual of Shields for 1120 gold pieces
 41844 | Elf:2    | Bought a manual of Dodging for 1120 gold pieces
 42141 | Depths:1 | Found a transporter.
 42196 | Depths:1 | Found a transporter.
 42211 | Depths:1 | Found a gateway to Hell.
 42247 | Depths:1 | Received a gift from Trog
 42472 | Depths:1 | Found a one-way gateway to a ziggurat.
 42948 | Depths:1 | Noticed a bone dragon
 42955 | Depths:1 | Killed a bone dragon
 43626 | Depths:1 | Found a sacrificial altar of Ru.
 43690 | Hell     | Entered the Vestibule of Hell
 43690 | Hell     | Noticed Geryon
 44289 | Depths:1 | Reached skill level 27 in Fighting
 44368 | Hell     | Received a gift from Trog
 44486 | Depths:1 | HP: 4/216 [putrid mouth/foul vapour (21)]
 44486 | Depths:1 | Killed from afar by a putrid mouth

Illustrated notes

Levels and vault maps discovered:
D:1:      ncdulo_lavacross, layout_rooms, serial_shops, shop,
          minmay_misc_feat_four_crosses, minmay_misc_feat_iff,
          minmay_misc_feat_enclosed
D:2:      minmay_chambers_of_twos, layout_rooms, uniq_jessica
D:3:      layout_loops_corners, gammafunk_ghost_cemetery, uniq_ijyb,
          uniq_crazy_yiuf_cottage, uniq_grinder, uniq_sigmund, uniq_pargi
D:4:      layout_loops_cross, minmay_fire_ice_demons, uniq_robin
D:5:      layout_loops_ring, roderic_batcave, uniq_menkaure, uniq_edmund
D:6:      layout_basic, minmay_temple_entry_drinking_statues,
          gammafunk_ghost_gnarly_gnolls, serial_demonic, serial_demonic_b,
          serial_demonic_a, serial_demonic_b, serial_demonic_b
D:7:      layout_cave_pools
D:8:      layout_rooms, grunt_lair_entry_orc_guard_hut, hangedman_decor_opposing
D:9:      layout_irregular_city, david_orc_5, hangedman_minor_gate_pass
D:10:     layout_roguey, lemuel_coloured_pillars_altar
D:11:     layout_irregular_city, hangedman_decor_slide_cut, xom_redecorated
D:12:     layout_stronghold, serial_shops, shop, dreamdust_wasp_nest,
          uniq_azrael, uniq_jorgrun
D:13:     layout_stronghold, david_vaults_2, uniq_urug
D:14:     layout_basic, nemelex_altar_shiori, grunt_decor_cap, vehumet_crystals
D:15:     hangedman_depths_entry_civil_slaughter, layout_stronghold,
          dreamdust_princess_bridge, uniq_agnes
Lair:1:   layout_gridlike, uniq_gastronok
Lair:2:   layout_long_grid, minmay_shoals_entry_beasts, uniq_maggie
Lair:3:   layout_cave_pods, minmay_snake_entry_six_corridors,
          lemuel_fruit_fields
Lair:4:   layout_misc_corridors, nicolae_lair_lindhole
Lair:5:   wormcave, layout_gridlike, hangedman_lair_in_review,
          minmay_slime_entry_jelly_boxes
Shoals:1: layout_shoals, serial_shops, nicolae_shop_bloodbath_and_beyond,
          uniq_josephine, uniq_mlioglotl
Shoals:2: layout_shoals, nicolae_shoals_water_booths
Shoals:3: layout_shoals, nicolae_shoals_kraken_party, uniq_bai_suzhen
Shoals:4: shoals_end_hellmonk_lost_city, serial_shops, uniq_polyphemus
Snake:1:  layout_gridlike, serial_bayou_shore_b, nicolae_integral_box
Snake:2:  layout_chambers, hellmonk_ghost_happy_afterlife, minmay_shop_grove,
          serial_bayou_shore_b
Snake:3:  layout_misc_corridors, nicolae_shop_gadgets
Snake:4:  grunt_snake_rune_spirals, layout_onion_interference, serial_shops,
          nicolae_shop_tiny_waterfront
Orc:1:    layout_diamond_mine, serial_shops, shop, uniq_sonja
Orc:2:    st_orc_town, layout_diamond_mine, uniq_donald
Elf:1:    eino_elf_arrival_customs, layout_gridlike, minmay_elf_annihilation,
          grunt_megastairs_1, minmay_shoptagon, uniq_zenata
Elf:2:    elven_hall_of_blades_hangedman_original
          [nicolae_blade_entry_hurt_lockers], layout_geoelf_octagon,
          basic_altar, nicolae_shop_self_help, uniq_nikola
Elf:3:    minmay_elf_hall_golems, layout_geoelf_castle, basic_altar
Depths:1: gammafunk_sealed_arena, layout_cave_shapes, enter_ziggurat_e,
          hangedman_abyss_or_decor_slice, grunt_mini_vestibule,
          nicolae_ru_the_path_less_chosen
Hell

Skill      XL: |  1  2  3  4  5  6  7  8  9 10 11 12 13 14 15 16 17 18 19 20 |
---------------+-------------------------------------------------------------+-----
Fighting       | 4 5 6 7 8 9 11 12 13 16 18 21 24 25 26 27 | 27.0
Polearms       | 4 5 6 7 8 9 11 12 13 14 | 14.0
Armour         | 3 4 5 7 8 9 10 12 13 15 16 18 19 21 22 23 | 23.1
Dodging        | 3 4 5 6 7 9 11 13 15 17 | 17.0
Evocations     | 3 4 5 6 7 9 10 13 14 | 14.7
Shields        | 1 4 7 9 10 13 16 18 20 22 | 22.0

Action                     |  1- 3 |  4- 6 |  7- 9 | 10-12 | 13-15 | 16-18 | 19-21 || total
---------------------------+-------+-------+-------+-------+-------+-------+-------++-------
  Melee: Spear             |    92 |   120 |    57 |   315 |       |       |       ||   584
         Headbutt          |    11 |    18 |    52 |    89 |   131 |   152 |    95 ||   548
         Punch             |       |     2 |       |       |       |       |       ||     2
         Halberd           |       |    35 |   320 |       |       |       |       ||   355
         Demon trident     |       |       |       |   244 |   804 |  1105 |   494 ||  2647
 Invoke: Trog's Hand       |       |       |     1 |     1 |     2 |     3 |     3 ||    10
         Berserk           |       |       |       |     1 |     1 |     1 |       ||     3
         Brothers in Arms  |       |       |       |     1 |       |     6 |     4 ||    11
  Evoke: Wand              |       |       |       |     1 |       |     1 |       ||     2
    Use: Scroll            |       |       |       |    20 |    16 |     2 |     3 ||    41
         Potion            |       |       |       |     1 |       |     3 |     5 ||     9
   Stab: Distracted        |       |       |       |     1 |     6 |    26 |     7 ||    40
         Petrifying        |       |       |       |       |     1 |       |       ||     1
         Petrified         |       |       |       |       |       |     7 |       ||     7
         Invisible         |       |       |       |       |       |     3 |       ||     3
 Armour: Animal skin       |     4 |       |       |       |       |       |       ||     4
         Plate armour      |    12 |    75 |   286 |   167 |       |   228 |    30 ||   798
         Chain mail        |       |       |       |    75 |   112 |     1 |       ||   188
         Storm dragon scal |       |       |       |       |       |       |   111 ||   111
  Dodge: Dodged            |    34 |    42 |   196 |   175 |   139 |   189 |   163 ||   938
  Block: Kite shield       |       |       |    10 |   277 |   216 |    27 |       ||   530
         Tower shield      |       |       |       |       |       |   606 |   322 ||   928
         Reflection        |       |       |       |       |       |   167 |    24 ||   191
